 Dungeon Crawl Stone Soup version 0.23-a0-407-g92528d7 (webtiles) character file.

1058 0x5F3759DF the Thaumaturge (level 8, -1/43 HPs)
             Began as a Deep Elf Necromancer on Nov 8, 2018.
             Slain by a slave (3 damage)
             ... led by Pikel
             ... on level 5 of the Dungeon.
             The game lasted 00:44:24 (4321 turns).

0x5F3759DF the Thaumaturge (Deep Elf Necromancer)   Turns: 4321, Time: 00:44:25

Health: -1/43      AC:  6    Str:  5    XL:     8   Next: 6%
Magic:  7/23       EV: 13    Int: 23    God:
Gold:   51         SH:  4    Dex: 15    Spells: 13/25 levels left

rFire    . . .     SeeInvis .   I - +2 mace (holy)
rCold    . . .     Gourm    .   s - +0 buckler
rNeg     . . .     Faith    .   p - +2 robe {Archmagi}
rPois    .         Spirit   .   (no helmet)
rElec    .         Reflect  .   H - +0 cloak
rCorr    .         Harm     .   (no gloves)
MR       .....                  k - +0 pair of boots
Stlth    +++.......             v - amulet of rage
HPRegen  0.14/turn              (no ring)
MPRegen  0.18/turn              (no ring)

@: about to teleport
A: no striking features
a: Evoke Berserk Rage


You were on level 5 of the Dungeon.
You were not hungry.

You visited 1 branch of the dungeon, and saw 6 of its levels.

You collected 191 gold pieces.
You spent 140 gold pieces at shops.

Inventory:

Hand Weapons
 e - a +0 club
 g - a +0 dagger
 u - a +0 hunting sling
 w - a +0 short sword
 y - a +0 flail of protection
 F - a +0 flail of crushing
 G - a +2 quarterstaff of chaos
 I - a +2 mace of holy wrath (weapon)
 J - a +0 shortbow
Missiles
 b - 64 stones (quivered)
 f - 35 sling bullets
 h - 15 bolts
 o - 97 arrows
 K - 2 curare-tipped needles
Armour
 a - a +0 robe
 k - a +0 pair of boots (worn)
 p - a +2 robe of the Archmagi (worn)
 q - a +0 leather armour
 s - a +0 buckler (worn)
 H - a +0 cloak (worn)
Jewellery
 v - an amulet of rage (around neck)
Wands
 d - a wand of acid (5)
 C - a wand of iceblast (3)
 D - a wand of flame (18)
Scrolls
 i - a scroll of teleportation
 j - a scroll of enchant weapon
 m - a scroll of blinking
 r - a scroll of remove curse
 z - a scroll of amnesia
 B - a scroll of immolation
 E - a scroll of fog
Potions
 l - a potion of resistance {unknown}
 n - a potion of brilliance {unknown}
 t - a potion of might
 x - 2 potions of haste
 A - a potion of flight
Comestibles
 c - 7 rations


   Skills:
 + Level 1.0 Fighting
 - Level 0.3 Slings
 + Level 4.0 Dodging
 + Level 3.6 Stealth
 + Level 0.9 Shields
 * Level 9.3 Spellcasting
 + Level 1.9 Charms
 + Level 7.4 Necromancy


You had 13 spell levels left.
You knew the following spells:

 Your Spells              Type           Power        Failure   Level  Hunger
a - Pain                  Necr           ####         1%          1    None
b - Animate Skeleton      Necr           N/A          1%          1    None
c - Vampiric Draining     Necr           ######....   1%          3    None
d - Regeneration          Chrm/Necr      #####.....   3%          3    None
e - Animate Dead          Necr           N/A          4%          4    ##.....

Your spell library contained the following spells:

 Spells                   Type           Power        Failure   Level  Hunger


Dungeon Overview and Level Annotations

Branches:
Dungeon (6/15)
 Temple: D:4-7

Altars:
Elyvilon
Makhleb

Shops:
D:4 *

Annotations:
D:1 exclusion: 2 downstairs
D:5 Pikel


Message History

Your centaur zombie hits the slave but does no damage.
The slave hits you. The slave hits you but does no damage.
Pikel hits you with a +2 whip of flaming!
* * * LOW HITPOINT WARNING * * *
Pikel burns you.
* * * LOW HITPOINT WARNING * * *
The slave hits you but does no damage. The slave hits you!
* * * LOW HITPOINT WARNING * * *
Your centaur zombie hits the slave but does no damage.
You block the slave's attack.
Your centaur zombie hits the slave!
Your centaur zombie misses the slave.
The slave hits your centaur zombie.
Your centaur zombie barely misses the slave.
The slave hits your centaur zombie!
Your centaur zombie hits the slave.
The slave hits your centaur zombie!
Your centaur zombie is destroyed!
The slave shouts!
Okay, then.
As you read the scroll of teleportation, it crumbles to dust.
You feel strangely unstable. The slave hits you.
You die...

...............#
...............#
.........>.....#
...............#
######.........#
###.pKp.....# #.....p.....#
#...##p##########
#...##@##.......#
#...##.##.......#
.#####...##.##.......#
.........'....)......######
.#####...##...............#
#...##...............#
#...##...............#
#...##.#.##..........#
#...##.#..#..........#


You could see Pikel and 4 slaves.

Vanquished Creatures
  2 phantoms
  An ogre (D:4)
  A necrophage (D:3)
  2 centaurs (D:5)
  A bullfrog zombie (D:5)
  A hound (D:5)
  Crazy Yiuf (D:4)
  4 orc priests
  5 orc wizards (D:4)
  A worker ant (D:4)
  8 adders
  2 oozes (D:1)
  3 dart slugs
  3 leopard geckos
  21 orcs
  9 bats
  4 giant cockroaches
  4 goblins
  4 hobgoblins
  8 jackals
  5 kobolds
  A quokka (D:4)
  5 ball pythons (D:2)
  3 frilled lizards
  3 rats
102 creatures vanquished.

Vanquished Creatures (collateral kills)
  A hound (D:5)
  A hound skeleton (D:4)
  An adder (D:2)
  A worm (D:2)
  2 orcs (D:4)
  A giant cockroach (D:3)
  2 goblins
  A hobgoblin (D:2)
  A jackal (D:2)
  2 kobolds
  A ball python (D:1)
  2 bats
  A frilled lizard (D:4)
17 creatures vanquished.

Grand Total: 119 creatures vanquished

Notes
Turn   | Place    | Note
-------+----------+-------------------------------------------
     0 | D:1      | 0x5F3759DF the Deep Elf Necromancer began the quest for the
                  | Orb.
     0 | D:1      | Reached XP level 1. HP: 10/10 MP: 6/6
    15 | D:1      | Learned a level 1 spell: Animate Skeleton
    67 | D:1      | Reached skill level 5 in Necromancy
   202 | D:1      | Reached XP level 2. HP: 15/15 MP: 6/8
   922 | D:2      | Reached XP level 3. HP: 17/19 MP: 7/10
   937 | D:2      | Learned a level 3 spell: Vampiric Draining
   941 | D:2      | Learned a level 3 spell: Regeneration
  1125 | D:2      | Reached skill level 4 in Spellcasting
  1318 | D:2      | Found a burning altar of Makhleb.
  1318 | D:2      | Found a white marble altar of Elyvilon.
  1493 | D:2      | Reached XP level 4. HP: 17/24 MP: 6/12
  1499 | D:2      | Learned a level 4 spell: Animate Dead
  1710 | D:2      | Reached skill level 5 in Spellcasting
  1969 | D:3      | Noticed a necrophage
  2051 | D:3      | Noticed a phantom
  2058 | D:3      | Reached XP level 5. HP: 14/28 MP: 9/15
  2135 | D:3      | Reached skill level 6 in Spellcasting
  2228 | D:3      | Killed a necrophage
  2247 | D:3      | Killed a phantom
  2247 | D:3      | Reached skill level 1 in Charms
  2247 | D:3      | Reached XP level 6. HP: 10/31 MP: 1/17
  3090 | D:4      | Reached skill level 7 in Spellcasting
  3271 | D:4      | Reached XP level 7. HP: 6/37 MP: 1/19
  3616 | D:4      | Found Yfac's General Store.
  3627 | D:4      | Reached skill level 8 in Spellcasting
  3641 | D:4      | Bought a wand of flame (18) for 140 gold pieces
  3716 | D:5      | Entered Level 5 of the Dungeon
  3940 | D:4      | Found a runed door.
  3944 | D:4      | Noticed Crazy Yiuf
  3952 | D:4      | Killed Crazy Yiuf
  4181 | D:5      | Reached skill level 1 in Fighting
  4181 | D:5      | Reached skill level 9 in Spellcasting
  4252 | D:5      | Reached XP level 8. HP: 27/43 MP: 6/23
  4305 | D:5      | Noticed Pikel
  4314 | D:5      | HP: 1/43 [slave[Pikel] (7)]
  4321 | D:5      | Slain by a slave

Vault maps used:
D:1:      saegor_arrival_simple_a, hex_tiny
D:2:      grunt_temple_overflow_open, first_ration, minmay_snake_closets
D:4:      serial_shops, shop, uniq_crazy_yiuf_cottage
D:5:      gammafunk_ghost_necromancy, uniq_pikel
D:6:      gammafunk_ghost_grave, minmay_small_thing, uniq_eustachio,
          uniq_blork_the_orc, uniq_prince_ribbit1

Skill      XL: |  1  2  3  4  5  6  7 |
---------------+----------------------+-----
Necromancy     | 5 6 7 |  7.4
Spellcasting   | 4 5 6 7 9 |  9.3
Stealth        | 3 |  3.6
Dodging        | 3 4 |  4.0
Charms         | 1 |  1.9
Fighting       | 1 |  1.0
Slings         | |  0.3
Shields        | |  0.9

Action                   |  1- 3 |  4- 6 |  7- 9 || total
-------------------------+-------+-------+-------++-------
Melee: Dagger            |    66 |   199 |       ||   265
       Club              |     1 |       |       ||     1
       Short sword       |       |   122 |    71 ||   193
       Mace              |       |       |    11 ||    11
 Fire: Hunting sling     |     2 |    11 |     3 ||    16
Throw: Stone             |    21 |    83 |    11 ||   115
 Cast: Pain              |    33 |    13 |    16 ||    62
       Animate Skeleton  |    12 |     8 |       ||    20
       Vampiric Draining |     7 |    24 |    26 ||    57
       Animate Dead      |       |     8 |     6 ||    14
       Regeneration      |       |    12 |     2 ||    14
  Use: Scroll            |     1 |    10 |     3 ||    14
       Potion            |       |    10 |       ||    10
 Stab: Sleeping          |     3 |     3 |     2 ||     8
       Distracted        |     1 |       |       ||     1
  Eat: Chunk             |     2 |     7 |       ||     9
       Ration            |       |     1 |     1 ||     2
Armor: Robe              |    25 |    61 |    26 ||   112
Dodge: Dodged            |    68 |   181 |    68 ||   317
Block: Buckler           |     3 |    53 |    26 ||    82

Table legend:
 A = Non-vault XP
 B = Vault XP
 C = Vault XP percentage of total XP
 D = Non-vault monster count
 E = Vault monster count
 F = Vault count percentage of total count
                 A         B        C        D         E       F
            +---------+---------+-------+---------+---------+-------
      Total |    1411 |     101 |   6.7 |     108 |      11 |   9.2
            +---------+---------+-------+---------+---------+-------
        D:1 |      40 |       0 |   0.0 |      15 |       0 |   0.0
        D:2 |      56 |      60 |  51.7 |      25 |      10 |  28.6
        D:3 |     332 |       0 |   0.0 |      31 |       0 |   0.0
        D:4 |     646 |      41 |   6.0 |      32 |       1 |   3.0
        D:5 |     337 |       0 |   0.0 |       5 |       0 |   0.0
            +---------+---------+-------+---------+---------+-------
